AoeStats
← Malicious

Golden Pit

507759727Analyzed
1v1 RM · 13d ago on Sep 19, 2026· 38m 35s· 2 players
Game mode
Random Map
Map size
Tiny (2 player)
Population
200
Speed
Normal
Resources
Standard
Victory
Conquest
Starting age
Dark Age
Ending age
Imperial Age
RankedLock teamsTeams togetherTeam positionsShared explorationLock speedFull tech treeHidden civsTurbo modeCheats
Victory
Defeat
🇪🇪 Burgundians · Estonia
1141
+14
🇹🇷 Poles · Türkiye
1101
-14
Malicious
7:17 Loom
10:17 Feudal Age
11:23 Double-Bit Axe
13:46 Bloodlines
17:09 Forging
22:45 Castle Age
21:01 Horse Collar
22:07 Scale Barding Armor
22:03 Scale Mail Armor
25:26 Heavy Plow
25:38 Bow Saw
24:51 Light Cavalry
25:31 Husbandry
25:36 Pikeman
26:16 Squires
29:46 Szlachta Privileges
36:24 Imperial Age
36:06 Stone Mining
37:01 Iron Casting
37:59 Crop Rotation
37:28 Gold Mining
38:15 Stone Shaft Mining
39:09 Blast Furnace
38:10 Scale Mail Armor
38:30 Chain Barding Armor
priiit
4:03 Loom
8:35 Double-Bit Axe
11:31 Feudal Age
17:30 Castle Age
16:30 Bow Saw
16:31 Gold Mining
16:25 Horse Collar
17:48 Heavy Plow
21:11 Cavalier
26:07 Crop Rotation
26:16 Gold Shaft Mining
27:21 Forging
31:53 Imperial Age
31:50 Scale Barding Armor
33:27 Paladin
34:45 Iron Casting
36:44 Blast Furnace
37:00 Wheelbarrow
37:04 Ballistics
Connection lost

Rejoining the realm…

Still unreachable

The connection could not be restored.

Session expired

The server has moved on; the page needs a fresh start.